 Dungeon Crawl Stone Soup version 0.24.0 (webtiles) character file.

Game seed: 9836938806750548851, levelgen mode: deterministic

1837 Ethylacetat the Firebug (level 9, -1/51 HPs)
             Began as an Octopode Fire Elementalist on Oct 25, 2019.
             Was a Follower of Vehumet.
             Slain by an orc warrior
             ... wielding a +0 battleaxe
              (25 damage)
             ... on level 6 of the Dungeon.
             The game lasted 00:20:06 (4842 turns).

Ethylacetat the Firebug (OpFE)                      Turns: 4842, Time: 00:20:07

Health: -1/51      AC:  1    Str:  7    XL:     9   Next: 11%
Magic:  11/16      EV: 13    Int: 25    God:    Vehumet [*.....]
Gold:   306        SH:  0    Dex: 13    Spells: 10/18 levels left

rFire    . . .     SeeInvis .   e - +4 dagger
rCold    . . .     Gourm    .   (no shield)
rNeg     . . .     Faith    .   (helmet restricted)
rPois    +         Spirit   .   r - amulet of magic regeneration
rElec    .         Reflect  .   i - ring of stealth
rCorr    .         Harm     .   o - ring of poison resistance
MR       +....                  k - ring of protection from magic
Stlth    ++++......             l - +5 ring of intelligence
HPRegen  0.17/turn              t - ring of wizardry
MPRegen  0.40/turn              (no ring)
                                (no ring)
                                (no ring)

@: no status effects
A: almost no armour, stealthy swim, amphibious, 8 rings, constrict 8, camouflage
1, gelatinous body 1
a: Renounce Religion


You were on level 6 of the Dungeon.
You worshipped Vehumet.
Vehumet was aware of your devotion.
You were not hungry.

You visited 2 branches of the dungeon, and saw 9 of its levels.

You collected 306 gold pieces.

Inventory:

Hand Weapons
 e - a +4 dagger (weapon)
Missiles
 y - 2 throwing nets (quivered)
Jewellery
 i - a ring of stealth (left tentacle)
 k - a ring of protection from magic (on tentacle)
 l - a +5 ring of intelligence (on tentacle)
 o - a ring of poison resistance (right tentacle)
 r - an amulet of magic regeneration (around mantle)
 t - a ring of wizardry (on tentacle)
Wands
 B - a wand of random effects (19)
Scrolls
 a - a scroll of magic mapping {unknown}
 c - 3 scrolls of identify
 d - 2 scrolls of remove curse
 h - 3 scrolls of enchant weapon {unknown}
 m - a scroll of immolation
 n - 2 scrolls of fear {unknown}
 q - a scroll of fog {unknown}
 u - 2 scrolls of teleportation {unknown}
 x - 2 scrolls of amnesia {unknown}
 C - a scroll of summoning {unknown}
Potions
 f - 4 potions of curing {unknown}
 g - 2 potions of might {unknown}
 j - 2 potions of magic {unknown}
 p - a potion of mutation {unknown}
 s - a potion of heal wounds {unknown}
 w - a potion of resistance {unknown}
 z - a potion of cancellation {unknown}
 A - a potion of lignification {unknown}
Comestibles
 b - 7 rations
 v - 2 chunks of flesh


   Skills:
 - Level 2.0 Dodging
 - Level 2.6 Stealth
 + Level 5.1 Spellcasting
 * Level 7.3 Conjurations
 * Level 7.8 Fire Magic


You had 10 spell levels left.
You knew the following spells:

 Your Spells              Type           Power        Failure   Level  Hunger
a - Flame Tongue          Conj/Fire      #####        1%          1    None
b - Throw Flame           Conj/Fire      #####.       1%          2    None
c - Fireball              Conj/Fire      #####.....   4%          5    #####..

Your spell library contained the following spells:

 Spells                   Type           Power        Failure   Level  Hunger
 Shock                    Conj/Air       ###.         1%          1    None
 Conjure Flame            Conj/Fire      #####...     1%          3    ##.....
 Inner Flame              Hex/Fire       ####....     1%          3    ##.....
 Sticky Flame             Conj/Fire      #####...     1%          4    ####...


Dungeon Overview and Level Annotations

Branches:
Dungeon (8/15)             Temple (1/1) D:4
   Lair: D:8-11

Altars:
Ashenzari
Cheibriados
Dithmenos
Elyvilon
Fedhas
Gozag
Hepliaklqana
Kikubaaqudgha
Makhleb
Okawaru
Qazlal
Ru
Sif Muna
Trog
Uskayaw
Vehumet
Wu Jian
Xom
Yredelemnul
Zin
The Shining One


Innate Abilities, Weirdness & Mutations

You cannot wear most types of armour.
You are very stealthy in the water. (Stealth+)
You are amphibious.
You can wear up to eight rings at the same time.
You can use your tentacles to constrict eight enemies at once.
Your skin changes colour to match your surroundings (Stealth+).
Your rubbery body absorbs attacks. (AC +1, EV +1)


Message History

Casting: Flame Tongue (safe; 1% risk of failure)
Confirm with . or Enter, or press ? or * to list all spells.
Aiming: Flame Tongue (safe; 1% risk of failure)
Press: ? - help, Shift-Dir - straight line, f/p - orc warrior
Aim: an orc warrior, wielding a +0 battleaxe and wearing a +0 plate armour (moderately wounded)
The flame tongue hits the orc warrior but does no damage.
The orc warrior is moderately wounded.
The orc priest calls down the wrath of Beogh upon you.
Beogh smites you!
The orc priest calls down the wrath of Beogh upon you.
Beogh smites you!
Casting: Flame Tongue (safe; 1% risk of failure)
Confirm with . or Enter, or press ? or * to list all spells.
Aiming: Flame Tongue (safe; 1% risk of failure)
Press: ? - help, Shift-Dir - straight line, f/p - orc warrior
Aim: an orc warrior, wielding a +0 battleaxe and wearing a +0 plate armour (moderately wounded)
The flame tongue hits the orc warrior but does no damage.
The orc warrior is moderately wounded.
The orc warrior hits you with a +0 battleaxe!!
You die...

####### #) #
#.....# # #o %#
###....<#
#.##.##.#
...[.)..#
#.?.....#
###.....#
##..$##
###.....#
#.###.#
......### #. #.#
#####.# #.###o#
#####.# #..@##
......# #.###
####..# #.#
......# #.#
####.#########.#
# #...........#
#############


You could see an orc warrior.

Vanquished Creatures
  Grinder (D:6)
  Sigmund (D:3)
  Eustachio (D:6)
  An ice beast (D:5)
  A sky beast (D:8)
  2 black bears
  2 ogres (D:4)
  A centaur (D:5)
  A gnoll sergeant (D:6)
  A scorpion (D:4)
  2 howler monkeys (D:6)
  A jelly (D:5)
  4 orc priests
  2 bullfrog skeletons
  2 iguanas (D:4)
  An orc wizard (D:5)
  2 worker ants
  A worker ant zombie (D:6)
  7 gnolls
  4 adders
  A shadow imp (D:6)
  2 oozes
  A worm (D:3)
  3 dart slugs
  3 leopard geckos
  15 orcs
  6 bats
  2 giant cockroaches
  11 hobgoblins
  14 jackals
  2 quokkas
  2 ball pythons
  4 frilled lizards
  11 goblins
  5 kobolds
  4 rats
124 creatures vanquished.

Notes
Turn   | Place    | Note
-------+----------+-------------------------------------------
     0 | D:1      | Ethylacetat the Octopode Fire Elementalist began the quest
                  | for the Orb.
     0 | D:1      | Reached XP level 1. HP: 11/11 MP: 3/3
   112 | D:1      | Reached XP level 2. HP: 14/17 MP: 3/5
   479 | D:1      | Learned a level 2 spell: Throw Flame
   495 | D:1      | Reached XP level 3. HP: 21/21 MP: 0/6
  1319 | D:2      | Reached XP level 4. HP: 27/27 MP: 2/7
  1706 | D:3      | Reached XP level 5. HP: 25/31 MP: 2/9
  1715 | D:3      | Noticed Sigmund
  1778 | D:3      | Killed Sigmund
  1778 | D:3      | Reached XP level 6. HP: 28/36 MP: 0/10
  1870 | D:3      | Reached skill level 5 in Fire Magic
  2363 | D:3      | Found a shimmering altar of Xom.
  2372 | D:3      | Found a shimmering altar of Xom.
  2373 | D:3      | Found a shimmering altar of Xom.
  2373 | D:3      | Found a shimmering altar of Xom.
  2373 | D:3      | Found a shimmering altar of Xom.
  2373 | D:3      | Found a shimmering altar of Xom.
  2386 | D:3      | Found a shimmering altar of Xom.
  2853 | D:4      | Found a stormy altar of Qazlal.
  2949 | D:4      | Reached XP level 7. HP: 32/41 MP: 5/12
  3341 | D:4      | Found a glowing silver altar of Zin.
  3384 | D:4      | Reached skill level 5 in Conjurations
  3550 | D:4      | Found a staircase to the Ecumenical Temple.
  3560 | Temple   | Entered the Ecumenical Temple
  3726 | Temple   | Became a worshipper of Vehumet
  3941 | D:5      | Entered Level 5 of the Dungeon
  4041 | D:5      | Reached XP level 8. HP: 26/46 MP: 5/14
  4074 | D:5      | Found a shimmering blue altar of Sif Muna.
  4248 | D:5      | Learned a level 5 spell: Fireball
  4300 | D:5      | You fall into a shaft and drop 3 floors!
  4464 | D:6      | Reached * piety under Vehumet
  4464 | D:6      | Offered knowledge of Shock by Vehumet.
  4712 | D:6      | Noticed Grinder
  4722 | D:6      | Killed Grinder
  4722 | D:6      | Reached XP level 9. HP: 47/51 MP: 2/16
  4741 | D:6      | Noticed Eustachio
  4750 | D:6      | Killed Eustachio
  4750 | D:6      | Reached skill level 5 in Spellcasting
  4842 | D:6      | Slain by an orc warrior

Levels and vault maps discovered:
D:1:      saegor_arrival_simple_d, layout_basic
D:2:      layout_rooms
D:3:      layout_basic, nicolae_xom_altar_mimics, uniq_sigmund
D:4:      layout_gridville, zin_scriptorium, lemuel_crystal_altar,
          minmay_temple_entry_mini_moons, first_ration
D:5:      layout_loops_cross, lemuel_doored_altar, serial_shops, shop_statue
D:6:      layout_loops_cross, uniq_grinder, uniq_eustachio, uniq_blork_the_orc
D:7:      layout_gridville, serial_park_tiny_2
D:8:      layout_basic, grunt_livestock, uniq_harold
Temple:   dpeg_five_rooms_temple
